 Dungeon Crawl Stone Soup version 0.30-b1-2-g02819fbbbe (webtiles) character file.

Game seed: 16301199444344912054

13246 LLlMATKO the Fighter (level 11, -11/156 HPs)
             Began as a Minotaur Berserker on Nov 2, 2023.
             Was a High Priest of Trog.
             Mangled by a skyshark (18 damage)
             ... on level 2 of the Lair of Beasts.
             The game lasted 00:09:52 (8020 turns).

LLlMATKO the Fighter (Minotaur Berserker)           Turns: 8020, Time: 00:09:52

Health: -11/156    AC: 17    Str: 26    XL:     11   Next: 73%
Magic:  10/10      EV: 12    Int:  4    God:    Trog [*****.]
Gold:   623        SH:  6    Dex: 15    Spells: 10/10 levels left

rFire   . . .        L - +4 war axe (venom)
rCold   + . .        a - +1 buckler "Moil" {rPois Dex+5}
rNeg    . . .        w - +0 plate armour
rPois   +            (helmet restricted)
rElec   .            u - +1 cloak {rPois}
rCorr   .            (no gloves)
SInv    .            (no boots)
Will    .....        h - amulet of regeneration Stlth
                     I - ring of protection from cold
HPRegen 1.26/turn    (no ring)
MPRegen 0.12/turn

%: no passive effects
@: berserking (expiring), very quick
A: horns 2, retaliatory headbutt
a: Renounce Religion, Berserk, Trog's Hand, Brothers in Arms


You were on level 2 of the Lair of Beasts.
You worshipped Trog.
Trog was extremely pleased with you.
You visited 2 branches of the dungeon, and saw 13 of its levels.

You collected 725 gold pieces.
You spent 102 gold pieces at shops.

Inventory:

Hand Weapons
 y - a +0 war axe
 z - a +3 hand axe
 F - a +0 battleaxe
 K - a +0 war axe of electrocution
 L - a +4 war axe of venom (weapon)
Missiles
 d - 32 poisoned darts (quivered)
 s - 6 javelins
Armour
 a - the +1 buckler "Moil" (worn) {rPois Dex+5}
   (You acquired it on level 1 of the Lair of Beasts)

   Dex:       It affects your dexterity (+5).
   rPois:     It protects you from poison.
 u - a +1 cloak of poison resistance (worn)
 w - a +0 plate armour (worn)
Jewellery
 h - an amulet of regeneration (around neck)
 I - a ring of protection from cold (left hand)
 N - a ring of protection from fire
Wands
 o - a wand of iceblast (7)
 v - a wand of polymorph (3)
 P - a wand of mindburst (6)
Scrolls
 b - a scroll of teleportation
 c - a scroll of brand weapon
 e - a scroll of immolation
 i - 2 scrolls of enchant weapon
 k - a scroll of blinking
 l - 12 scrolls of identify
 t - 2 scrolls of silence
 x - 2 scrolls of fog
 E - 2 scrolls of enchant armour
 H - a scroll of poison
Potions
 f - 4 potions of attraction {unknown}
 g - 3 potions of curing {unknown}
 j - a potion of lignification {unknown}
 m - 2 potions of ambrosia {unknown}
 n - 6 potions of heal wounds {unknown}
 p - a potion of magic {unknown}
 q - a potion of might {unknown}
 r - 3 potions of flight {unknown}
 B - a potion of berserk rage {unknown}
 C - 2 potions of cancellation {unknown}
 D - 2 potions of resistance {unknown}
 G - 2 potions of haste {unknown}
 M - 2 potions of mutation {unknown}


   Skills:
 + Level 11.8 Fighting
 + Level 11.7 Axes
 + Level 11.5 Armour
 + Level 10.5 Dodging
 + Level 3.7 Shields


You had 10 spell levels left.
You didn't know any spells.
Your spell library was empty.

Dungeon Overview and Level Annotations

Branches:
Dungeon (11/15)            Temple (0/1) D:7            Lair (2/5) D:10
    Orc (0/2) D:9
  Swamp: Lair:2-3    Shoals: Lair:2-3     Snake: Lair:2-3    Spider: Lair:2-3

Altars:
Qazlal
Vehumet
Wu Jian

Shops:
D:4 [   D:9 (

Annotations:
D:5 1 runed translucent door, NitroKuite's ghost, novice MfGl
D:6 2 transporters


Innate Abilities, Weirdness & Mutations

You have a pair of horns on your head.
You reflexively headbutt those who attack you in melee.


Message History

* * * LOW HITPOINT WARNING * * *
The skyshark tail-slaps you.
* * * LOW HITPOINT WARNING * * *
The skyshark tail-slaps you but does no damage.
A red film seems to cover your vision as you go berserk!
You feel yourself moving faster!
You feel mighty! You block the skyshark's attack. The skyshark tail-slaps you.
* * * LOW HITPOINT WARNING * * *
The skyshark misses you.
You barely miss the skyshark.
The skyshark is heavily wounded.
You block the skyshark's attack. x2; The skyshark misses you.
Unknown command.
You slash the skyshark!
The skyshark is heavily wounded.
The skyshark bites you.
* * * LOW HITPOINT WARNING * * *
You block the skyshark's attack.
The skyshark tail-slaps you but does no damage.
You hit the skyshark.
The skyshark looks as sick as possible!
The skyshark is heavily wounded.
The skyshark bites you!
* * * LOW HITPOINT WARNING * * *
The skyshark closely misses you. x2
You closely miss the skyshark.
The skyshark is heavily wounded.
The skyshark bites you but does no damage.
The skyshark tail-slaps you.
* * * LOW HITPOINT WARNING * * *
The skyshark closely misses you.
You closely miss the skyshark. You headbutt the skyshark!
The skyshark is severely wounded.
The skyshark bites you!
* * * LOW HITPOINT WARNING * * *
The skyshark closely misses you.
The skyshark tail-slaps you but does no damage.
You hit the skyshark.
The skyshark looks as sick as possible!
The skyshark is severely wounded.
The skyshark bites you!!
You die...

#.. #..[# .. #.#
####.#.# #.P ###..
##.##.#.# #..##P..###
#........ #..>......##
##....... #P.........#
###.......
##.........####.#.......
...P...l....#...'....)..
.P.#...@..†...###.......
#........#### #.......
#........# #........
#P##...### ########. #
#..## ## #.†## #.#. #..
.. #... ..#


You could see a skyshark (berserk, extremely poisoned).

Vanquished Creatures
  A hydra (D:10)
  2 two-headed ogres (D:10)
  A skyshark (Lair:2)
  A black mamba (Lair:1)
  3 cane toads (Lair:1)
  A rime drake (D:10)
  3 komodo dragons
  Psyche (D:10)
  5 trolls
  4 blink frogs (Lair:1)
  A shadow (D:10)
  A wyvern (D:10)
  13 yaks
  A wraith (D:9)
  2 acid dragons
  3 water moccasins
  3 orc warriors
  6 ice beasts
  4 centaurs
  An ogre (D:7)
  2 phantoms
  3 wolves (D:10)
  2 kobold brigands (D:8)
  3 bullfrogs
  A scorpion (D:5)
  8 wights
  10 killer bees
  A howler monkey (D:6)
  3 jellies
  A hound (D:5)
  A gnoll bouda (D:6)
  3 orc priests
  3 sleepcaps
  5 iguanas
  7 orc wizards
  10 gnolls
  8 adders
  A shadow imp (D:7)
  A white imp (D:5)
  2 ufetubi
  A dart slug (D:4)
  2 worms
  23 orcs
  4 bats
  8 endoplasms
  4 giant cockroaches
  8 hobgoblins
  9 kobolds
  4 quokkas (D:3)
  10 ball pythons
  A frilled lizard (D:1)
  13 goblins
  7 rats
226 creatures vanquished.

Vanquished Creatures (others)
  A fungus (Lair:1)
  10 plants
11 creatures vanquished.

Grand Total: 237 creatures vanquished

Notes
Turn   | Place    | Note
-------+----------+-------------------------------------------
     0 | D:1      | LLlMATKO the Minotaur Berserker began the quest for the
                  | Orb.
     0 | D:1      | Reached XP level 1. HP: 19/19 MP: 0/0
   210 | D:1      | Reached XP level 2. HP: 25/27 MP: 1/1
   483 | D:1      | Reached XP level 3. HP: 33/33 MP: 2/2
   691 | D:1      | Found a faded altar of an unknown god.
   824 | D:2      | Reached ** piety under Trog
  1126 | D:2      | Reached XP level 4. HP: 30/41 MP: 3/3
  1817 | D:4      | Reached XP level 5. HP: 29/47 MP: 4/4
  1874 | D:4      | Found Ripsur's Armour Shop.
  1882 | D:4      | Bought a +0 cloak of poison resistance for 102 gold pieces
  1912 | D:4      | Reached *** piety under Trog
  1992 | D:4      | Reached skill level 5 in Axes
  2047 | D:4      | Noticed a phantom
  2054 | D:4      | Killed a phantom
  2055 | D:4      | Reached skill level 5 in Fighting
  2055 | D:4      | Reached XP level 6. HP: 56/56 MP: 5/5
  2447 | D:5      | Entered Level 5 of the Dungeon
  2460 | D:5      | Found an ornate altar of the Wu Jian Council.
  2667 | D:5      | Reached skill level 5 in Armour
  2667 | D:5      | Reached XP level 7. HP: 62/62 MP: 6/6
  3094 | D:5      | Found a runed translucent door.
  3094 | D:5      | Noticed NitroKuite's ghost (novice MfGl)
  3147 | D:6      | Reached skill level 5 in Dodging
  3278 | D:6      | Reached XP level 8. HP: 7/65 MP: 7/7
  3278 | D:6      | HP: 2/65 [gnoll/+0 flail[a gnoll bouda] (3)]
  3356 | D:6      | Found a transporter.
  3685 | D:6      | Found a transporter.
  3898 | D:6      | Found a stormy altar of Qazlal.
  4065 | D:7      | Found a staircase to the Ecumenical Temple.
  4339 | D:7      | Found a radiant altar of Vehumet.
  4724 | D:8      | Reached **** piety under Trog
  4727 | D:8      | Reached XP level 9. HP: 75/81 MP: 8/8
  5180 | D:9      | Noticed a troll
  5222 | D:9      | Killed a troll
  5282 | D:9      | Found a staircase to the Orcish Mines.
  5334 | D:9      | Found Axeschas's Weapon Shop.
  5828 | D:10     | Entered Level 10 of the Dungeon
  5835 | D:10     | Noticed a rime drake
  5835 | D:10     | Noticed a troll
  5845 | D:10     | Reached XP level 10. HP: 91/91 MP: 9/9
  5900 | D:10     | Found a staircase to the Lair.
  5923 | D:10     | Reached skill level 10 in Fighting
  5923 | D:10     | Reached skill level 10 in Axes
  5967 | D:10     | Noticed a five-headed hydra
  5976 | D:10     | Killed an eight-headed hydra
  5977 | D:10     | Reached skill level 10 in Armour
  6068 | D:10     | Identified the +1 scale mail "Ibyve" {Fly Will+ Int-3
                  | Dex+2}
  6258 | D:10     | Found the +1 robe of Vines {NoPotionHeal Regen++++}
  6275 | D:10     | Noticed a two-headed ogre
  6281 | D:10     | Killed a two-headed ogre
  6352 | D:10     | Noticed Psyche
  6360 | D:10     | Killed Psyche
  6361 | D:10     | Reached XP level 11. HP: 101/101 MP: 10/10
  6618 | D:10     | Noticed a two-headed ogre
  6623 | D:10     | Killed a two-headed ogre
  6706 | Lair:1   | Entered Level 1 of the Lair of Beasts
  6708 | Lair:1   | Identified a scroll of acquirement
  6708 | Lair:1   | Acquired the +1 buckler "Moil" {rPois Dex+5}
  6847 | Lair:1   | Reached skill level 10 in Dodging
  6847 | Lair:1   | Reached skill level 1 in Shields
  7236 | Lair:1   | Reached ***** piety under Trog
  7976 | Lair:2   | Noticed a skyshark
  7986 | Lair:2   | Killed a skyshark
  8005 | Lair:2   | Noticed a skyshark
  8019 | Lair:2   | HP: 6/156 [skyshark (14)]
  8020 | Lair:2   | Mangled by a skyshark

Illustrated notes

Levels and vault maps discovered:
D:1:      matt_arrival_diagonals, layout_basic, shapermc_ecumenical_altar_petra
D:2:      layout_basic, st_stairs_11
D:3:      layout_basic
D:4:      layout_cave_pools, serial_shops, nicolae_diamond_shop,
          dk_noncrumbling_3
D:5:      layout_loops_ring, nicolae_overflow_hidden_temple,
          gammafunk_ghost_grave
D:6:      gammafunk_steamed_eel, layout_loops_ring, kennysheep_mini_moat,
          fountainhead
D:7:      layout_cave_pools, lemuel_doored_altar, minmay_temple_entry_offerings,
          minmay_statues_item
D:8:      layout_rooms
D:9:      layout_small_grid, orc_david_3
D:10:     layout_basic, hellmonk_lair_entry_icy, hellmonk_guarded_unrand_vines,
          uniq_psyche
D:11:     layout_roguey, nicolae_ashenzari_skybound
Lair:1:   layout_cave_pods
Lair:2:   layout_roguey, nicolae_swamp_entry_spooky, gammafunk_ghost_necromancy,
          serial_bayou_shore_b

Skill      XL: |  1  2  3  4  5  6  7  8  9 10 11 |
---------------+----------------------------------+-----
Fighting       | 4 5 6 7 9 10 11 | 11.8
Axes           | 4 5 6 7 9 10 11 | 11.7
Armour         | 3 4 5 6 7 9 10 11 | 11.5
Dodging        | 3 4 5 6 8 9 10 | 10.5
Shields        | 3 |  3.7

Action                     |  1- 3 |  4- 6 |  7- 9 | 10-12 || total
---------------------------+-------+-------+-------+-------++-------
  Melee: Hand axe          |    93 |   146 |    49 |       ||   288
         Headbutt          |    13 |    22 |    32 |    44 ||   111
         War axe           |       |       |   111 |   150 ||   261
         Battleaxe         |       |       |   106 |       ||   106
         Unarmed           |       |       |       |     4 ||     4
         Punch             |       |       |       |     2 ||     2
  Throw: Dart              |     3 |       |       |       ||     3
 Invoke: Berserk           |     2 |     2 |     8 |     6 ||    18
         Trog's Hand       |       |       |     1 |       ||     1
    Use: Scroll            |       |       |       |    14 ||    14
 Armour: Animal skin       |    26 |       |       |       ||    26
         Scale mail        |       |    36 |       |       ||    36
         Plate armour      |       |    25 |   195 |    89 ||   309
  Dodge: Dodged            |    57 |    69 |   165 |    66 ||   357
  Block: Buckler           |       |       |       |    38 ||    38
